 Dungeon Crawl Stone Soup version 0.29.1-1-gd02db6906a (webtiles) character file.

Game seed: 1919794345248664258

325 oldmanjim the Shield-Bearer (level 6, -6/56 HPs)
             Began as a Hill Orc Fighter on Sept 30, 2022.
             Mangled by an ogre
             ... wielding a +0 giant club
              (28 damage)
             ... on level 4 of the Dungeon.
             The game lasted 00:12:48 (3008 turns).

oldmanjim the Shield-Bearer (Hill Orc Fighter)      Turns: 3008, Time: 00:12:48

Health: -6/56      AC:  8    Str: 25    XL:     6   Next: 48%
Magic:  6/6        EV:  8    Int:  6    God:
Gold:   164        SH:  8    Dex: 10    Spells: 5/5 levels left

rFire   . . .      SeeInvis .   a - +8 dagger of Wu Jian, Wizarding {flame, rElec Str+4 Int-2}
rCold   . . .      Faith    .   o - +0 kite shield
rNeg    . . .      Spirit   .   f - +0 scale mail
rPois   .          Reflect  .   (no helmet)
rElec   +          Harm     .   (no cloak)
rCorr   .          Rampage  .   (no gloves)
Will    .....                   r - +0 pair of boots
Stlth   ..........              (no amulet)
HPRegen 0.18/turn               (no ring)
MPRegen 0.10/turn               (no ring)

@: no status effects
A: no striking features
a: no special abilities


You were on level 4 of the Dungeon.
You visited 1 branch of the dungeon, and saw 4 of its levels.

You collected 164 gold pieces.

Inventory:

Hand Weapons
 a - the +8 dagger of Wu Jian, Wizarding (weapon) {flame, rElec Str+4 Int-2}
   (You took it off a goblin on level 2 of the Dungeon)

   It burns those it strikes, dealing additional fire damage.
   Str:       It affects your strength (+4).
   Int:       It affects your intelligence (-2).
   rElec:     It insulates you from electricity.
 b - a +0 sling
 n - a +0 war axe
Missiles
 j - 41 stones
Armour
 f - a +0 scale mail (worn)
 o - a +0 kite shield (worn)
 r - a +0 pair of boots (worn)
Jewellery
 u - a ring of resist corrosion
Scrolls
 e - 3 scrolls of teleportation {unknown}
 g - a scroll of magic mapping {unknown}
 i - a scroll of vulnerability {unknown}
 m - a scroll of immolation {unknown}
 p - a scroll of fog {unknown}
 q - 2 scrolls of blinking {unknown}
 s - a scroll of amnesia {unknown}
 t - a scroll of poison {unknown}
Potions
 d - 2 potions of might
 h - a potion of ambrosia {unknown}
 k - a potion of flight {unknown}
 l - 2 potions of curing {unknown}


   Skills:
 - Level 5.0 Fighting
 + Level 3.0 Short Blades
 - Level 3.4 Axes
 - Level 4.0 Armour
 + Level 5.3 Shields


You had 5 spell levels left.
You didn't know any spells.
Your spell library contained the following spells:

 Spells                   Type           Power      Damage    Failure   Level
 Sublimation of Blood     Necr           0%         N/A       99%         2
 Wereblood                Tmut           0%         N/A       99%         2
 Summon Hydra             Summ           0%         N/A       100%        7


Dungeon Overview and Level Annotations

Branches:
Dungeon (4/15)
 Temple: D:4-7

Altars:
Gozag
Uskayaw

Shops:
D:3 *=

Annotations:
D:1 1 transporter
D:3 1 runed translucent door, karrick's ghost, amateur GrFi
D:4 3 runed translucent doors, miserystealer's ghost, amateur DrEE


Message History

You kill the jackal!
You closely miss the jackal. You block the jackal's attack. x2
You hit the jackal. You burn the jackal.
The jackal is heavily wounded.
The jackal bites you but does no damage.
You hit the jackal. You burn the jackal.
You kill the jackal!
No target in view!
Things that are here:
a jackal corpse; a jackal corpse; a jackal corpse
Things that are here:
a staff of air; a kobold corpse You now have 164 gold pieces (gained 12).
Found a flail.
You see here a +0 flail.
An ogre comes into view. It is wielding a +0 giant club.
The ogre shouts!
You completely miss the ogre. The ogre hits you with a +0 giant club!
You barely miss the ogre. You block the ogre's attack.
You hit the ogre. You burn the ogre.
The ogre is lightly wounded.
You hit the ogre. You burn the ogre.
The ogre is lightly wounded.
The ogre hits you with a +0 giant club.
You barely miss the ogre.
The ogre is lightly wounded.
You block the ogre's attack.
You hit the ogre. You burn the ogre.
The ogre is heavily wounded.
You block the ogre's attack.
You completely miss the ogre.
The ogre is heavily wounded.
You hit the ogre. You burn the ogre.
The ogre is heavily wounded.
The ogre hits you with a +0 giant club!!
You puncture the ogre! You burn the ogre.
The ogre is almost dead.
The ogre hits you with a +0 giant club!!
Ouch! That really hurt!
You die...

#####
...# ##
####.####
..
#.....@.#
#.##.##O#
#.##.# .#
###
#....# .#
[..
#.#####.#
##.
#.......#
#
#....####
. .
#....# #
.. ##...#


You could see an ogre.

Vanquished Creatures
  Grinder (D:3)
  Natasha (D:3)
  An adder (D:2)
  2 worms (D:2)
  A dart slug (D:3)
  4 orcs (D:4)
  7 endoplasms
  2 giant cockroaches (D:2)
  8 goblins
  6 hobgoblins
  10 jackals
  2 quokkas
  10 ball pythons
  6 bats
  7 frilled lizards
  3 kobolds
  3 rats
74 creatures vanquished.

Vanquished Creatures (others)
  2 fungi (D:4)
  3 plants
  4 withered plants (D:1)
9 creatures vanquished.

Grand Total: 83 creatures vanquished

Notes
Turn   | Place    | Note
-------+----------+-------------------------------------------
     0 | D:1      | oldmanjim the Hill Orc Fighter began the quest for the Orb.
     0 | D:1      | Reached XP level 1. HP: 19/19 MP: 1/1
   102 | D:1      | Reached XP level 2. HP: 27/27 MP: 2/2
   431 | D:1      | Found a faded altar of an unknown god.
   593 | D:1      | Reached XP level 3. HP: 31/33 MP: 3/3
  1009 | D:2      | Identified the +8 dagger of Wu Jian, Wizarding {flame,
                  | rElec Str+4 Int-2}
  1399 | D:2      | Reached XP level 4. HP: 40/40 MP: 4/4
  1975 | D:3      | Reached skill level 1 in Short Blades
  1979 | D:3      | Found an opulent altar of Gozag.
  2072 | D:3      | Noticed Grinder
  2075 | D:3      | Noticed karrick's ghost (amateur GrFi)
  2089 | D:3      | Killed Grinder
  2090 | D:3      | Reached skill level 5 in Fighting
  2090 | D:3      | Reached skill level 5 in Shields
  2090 | D:3      | Reached XP level 5. HP: 28/48 MP: 5/5
  2090 | D:3      | Reached XP level 6. HP: 33/56 MP: 6/6
  2397 | D:3      | Found a runed translucent door.
  2504 | D:3      | Found Saviot's Assorted Antiques.
  2531 | D:3      | Noticed Natasha
  2540 | D:3      | Killed Natasha
  2667 | D:3      | Found Heuwiav's Jewellery Shop.
  2876 | D:4      | Found a runed translucent gate.
  2876 | D:4      | Found a runed translucent gate.
  2885 | D:4      | Noticed miserystealer's ghost (amateur DrEE)
  2913 | D:4      | Found a runed translucent gate.
  2924 | D:4      | Found a hide-covered altar of Uskayaw.
  3008 | D:4      | Mangled by an ogre

Illustrated notes

Levels and vault maps discovered:
D:1:      spicycebolla_arrival_transporter_tutorial, layout_loops_ring,
          shapermc_ecumenical_altar_flowoftime, st_stairs_13
D:2:      layout_loops_corners, kennysheep_generic_room_3
D:3:      layout_basic, nicolae_gozag_seed_capital, serial_shops,
          nicolae_shop_trees, nicolae_lakefront_shop,
          hellmonk_ghost_happy_afterlife, uniq_grinder, uniq_natasha
D:4:      layout_loops_cross, nicolae_sif_muna_little_library,
          nicolae_uskayaw_murder_on_the_dancefloor,
          gammafunk_ghost_nasty_kobolds, serial_shops, kennysheep_mini_moat,
          uniq_robin

Skill      XL: |  1  2  3  4  5  6 |
---------------+-------------------+-----
Axes           | 3 |  3.4
Fighting       | 4 5 |  5.0
Shields        | 5 |  5.3
Armour         | 4 |  4.0
Short Blades   | 2 3 |  3.0

Action                   |  1- 3 |  4- 6 || total
-------------------------+-------+-------++-------
Melee: War axe           |    57 |       ||    57
       Dagger            |    29 |    77 ||   106
 Fire: Sling             |    18 |       ||    18
Armor: Scale mail        |    35 |    29 ||    64
Dodge: Dodged            |    43 |    16 ||    59
Block: Buckler           |    21 |     3 ||    24
       Kite shield       |       |    30 ||    30
